 Dungeon Crawl Stone Soup version 0.28.0-49-g6dfe1f597d (webtiles) character file.

Game seed: 9198421374647339637

19 NinjaNoafa the Insei (level 2, 0/22 HPs)
             Began as a Djinni Transmuter on May 11, 2022.
             Slain by a ball python (2 damage)
             ... on level 1 of the Dungeon.
             The game lasted 00:01:47 (886 turns).

NinjaNoafa the Insei (Djinni Transmuter)             Turns: 886, Time: 00:01:48

Health: 0/22       AC:  2    Str:  6 (9)  XL:     2   Next: 95%
Gold:   32         EV: 12    Int: 13 (14) God:
                   SH:  0    Dex: 11 (13)

rFire   + + .      SeeInvis .     - Unarmed
rCold   x . .      Faith    .   (no shield)
rNeg    . . .      Spirit   .   a - +0 robe
rPois   ∞          Reflect  .   (helmet currently unavailable)
rElec   .          Harm     .   (no cloak)
rCorr   .          Rampage  .   (no gloves)
Will    .....                   (boots unavailable)
Stlth   +.........              (no amulet)
HPRegen 0.07/turn               (no ring)
MPRegen 0.00/turn               (no ring)

@: appendages, flying
A: horns 2, flying, sickness immunity, fire resistance 2, cold vulnerability 1,
float, innate caster, HP casting, extra vitality 1
a: End Transformation


You were on level 1 of the Dungeon.
You had temporarily grown beastly horns.
You visited 1 branch of the dungeon, and saw 1 of its levels.

You collected 32 gold pieces.

Inventory:

Missiles
 d - 4 stones
 e - 3 poisoned darts
Armour
 a - a +0 robe (worn)
Scrolls
 f - a scroll of magic mapping {unknown}
 g - a scroll of fog {unknown}


   Skills:
 - Level 1.0 Fighting
 - Level 2.1 Dodging
 - Level 3.0 Unarmed Combat
 + Level 2.4 Spellcasting


You couldn't memorise any spells.
You knew the following spells:

 Your Spells              Type           Power      Damage    Failure   Level
a - Beastly Appendage     Tmut           16%        N/A       9%          1
b - Wereblood             Tmut           8%         N/A       13%         2
c - Spider Form           Tmut/Pois      8%         N/A       26%         3
d - Ice Form              Ice/Tmut       8%         N/A       65%         4
Your spell library was empty.

Dungeon Overview and Level Annotations

Branches:
Dungeon (1/15)

Altars:


Innate Abilities, Weirdness & Mutations

You have temporarily grown beastly horns.
You are flying.
You are immune to sickness and miasma.
You are immune to poison.
Your flesh is very heat resistant. (rF++)
You are vulnerable to cold. (rC-)
You float through the air rather than walking.
You learn spells naturally, not from books.
Your magical power is your life essence.
You have superior vitality. (+4 MHP)


Message History

The ball python bites you. The ball python constricts you.
The kobold closely misses you.
You escape the ball python's grasp.
The ball python closely misses you. The ball python grabs you.
The ball python constricts you. The ball python bites you.
You escape the ball python's grasp.
Your transformation is almost over.
You barely miss the ball python.
The ball python is severely wounded.
The ball python closely misses you. The ball python grabs you.
The ball python constricts you.
You closely miss the ball python. Your headbutt misses the ball python.
The ball python is severely wounded.
The ball python bites you. The ball python constricts you.
You closely miss the ball python.
You punch the ball python, but do no damage.
The ball python is severely wounded.
The ball python bites you. The ball python constricts you.
The ball python bites you. The ball python constricts you.
Casting: Beastly Appendage (safe; 9% risk of failure)
Confirm with . or Enter, or press ? or * to list all spells.
You extend your transformation's duration.
* * * LOW HITPOINT WARNING * * *
The ball python closely misses you. The ball python constricts you.
You hit the ball python.
You kill the ball python!
It was a potion of degeneration.
There was something very wrong with that liquid.
You feel weakened.
You feel dopey.
You feel clumsy. The ball python bites you.
* * * LOW HITPOINT WARNING * * *
The ball python closely misses you.
As you read the scroll labelled VEFUTA JEHAWN, it crumbles to dust.
The creatures around you are filled with an inner flame!
It was a scroll of immolation.
The ball python bites you.
* * * LOW HITPOINT WARNING * * *
The ball python barely misses you.
The endoplasm jiggles.
The ball python bites you.
You die...

.......♣≈≈≈.≈≈≈♣....#..
.......≈P≈≈.≈≈≈≈..†.###
.......≈PP≈.≈≈≈P.......
.......♣≈PP.≈≈≈♣.......
......JS≈≈≈.≈≈≈♣.....(.
......K..≈≈.≈≈≈........
#########.♣.PP.........
#.SJK.............
#@####...[........
#..#..............
####...............>
##...................
#.......####.###.....
#.......####P####....
####.......≈≈≈≈......
########.♣≈♣######
#P≈≈#


You could see an endoplasm, a ball python (inner flame) and a kobold (inner
flame).

Vanquished Creatures
  2 ball pythons (D:1)
  3 giant cockroaches (D:1)
  5 goblins (D:1)
  2 hobgoblins (D:1)
  2 bats (D:1)
  2 frilled lizards (D:1)
  A kobold (D:1)
  A rat (D:1)
18 creatures vanquished.

Notes
Turn   | Place    | Note
-------+----------+-------------------------------------------
     0 | D:1      | NinjaNoafa the Djinni Transmuter began the quest for the
                  | Orb.
     0 | D:1      | Reached XP level 1. HP: 17/17 MP: 0/0
   248 | D:1      | Reached XP level 2. HP: 17/22 MP: 0/0
   886 | D:1      | Slain by a ball python

Illustrated notes

Levels and vault maps discovered:
D:1:      amcnicky_arrival_gap_in_the_tavern_cellar, layout_rooms, serial_shops,
          nicolae_shop_crystal, hellmonk_ecumenical_altar_inner_sanctum,
          serial_bayou, serial_bayou_lagoon_b, serial_bayou_pond_e,
          serial_bayou_pond_a, serial_bayou_shore_b, serial_bayou_crossing,
          serial_bayou_pond_d

Skill      XL: |  1 |
---------------+----+-----
Spellcasting   | 2 |  2.4
Fighting       | |  1.0
Dodging        | |  2.1
Unarmed Combat | |  3.0

Action                   || total
-------------------------++-------
Melee: Unarmed           ||    72
       Headbutt          ||     6
       Punch             ||     3
 Cast: Beastly Appendage ||    11
  Use: Scroll            ||     1
       Potion            ||     1
Armor: Robe              ||    22
Dodge: Dodged            ||    56
